 Dungeon Crawl Stone Soup version 0.29.1-1-gd02db6906a (webtiles) character file.

Game seed: 357453939695089337

5084 H0rd4k the Slicer (level 10, -5/74 (77) HPs)
             Began as a Human Artificer on Sept 14, 2022.
             Was an Initiate of Gozag.
             Slain by a spectral orc warrior
             ... wielding a +0 flail
             ... summoned by Nergalle
              (7 damage)
             ... on level 11 of the Dungeon on Sept 15, 2022.
             The game lasted 00:20:49 (13131 turns).

H0rd4k the Slicer (Human Artificer)                Turns: 13131, Time: 00:20:50

HP:   -5/74 (77)    AC:  8    Str: 16    XL:     10   Next: 87%
MP:   17/17         EV: 19    Int: 21    God:    Gozag
Gold: 1301          SH:  0    Dex: 29    Spells: 18/18 levels left

rFire   . . .      SeeInvis .   F - +8 short sword "Human's Curse" {flame, +Blink}
rCold   . . .      Faith    .   (no shield)
rNeg    . . .      Spirit   .   G - +4 robe of Augmentation {Str+4 Int+4 Dex+4}
rPois   .          Reflect  .   R - +1 hat
rElec   .          Harm     .   (no cloak)
rCorr   .          Rampage  .   (no gloves)
Will    .....                   g - +0 pair of boots
Stlth   +++.......              (no amulet)
HPRegen 0.22/turn               m - +6 ring of dexterity
MPRegen 0.15/turn               I - +6 ring of dexterity

@: lethally poisoned (-5 -> -22), studying Shields, lightly drained
A: no striking features
a: Renounce Religion, Evoke Blink, Potion Petition, Call Merchant, Bribe Branch


You were on level 11 of the Dungeon.
You worshipped Gozag.
Gozag was most pleased with you.
You visited 2 branches of the dungeon, and saw 12 of its levels.
You also visited: Bailey.

You collected 1445 gold pieces.
You paid 144 gold pieces to Gozag.

Inventory:

Hand Weapons
 l - the +8 long sword "Omelette" {vamp, rC+ Dex+2}
   (You took it off a kobold in a bailey)

   It occasionally heals its wielder for a portion of the damage dealt when it
   wounds a living foe.
   Dex:       It affects your dexterity (+2).
   rC:        It protects you from cold.
 s - a +2 dagger of venom
 F - the +8 short sword "Human's Curse" (weapon) {flame, +Blink}
   (You found it on level 4 of the Dungeon)

   It burns those it strikes, dealing additional fire damage.
   +Blink:    It lets you blink.
Missiles
 z - 23 poisoned darts
Armour
 g - a +0 pair of boots (worn)
 i - an orb of energy
 G - the +4 robe of Augmentation (worn) {Str+4 Int+4 Dex+4}
   (You found it on level 4 of the Dungeon)

   Str:       It affects your strength (+4).
   Int:       It affects your intelligence (+4).
   Dex:       It affects your dexterity (+4).
 R - a +1 hat (worn)
Magical Staves
 f - a staff of air
Jewellery
 m - a +6 ring of dexterity (left hand)
 I - a +6 ring of dexterity (right hand)
 L - a ring of flight
Wands
 c - a wand of flame (24) (quivered)
 D - a wand of polymorph (2)
Scrolls
 a - a scroll of enchant weapon {unknown}
 h - 2 scrolls of teleportation {unknown}
 j - 2 scrolls of fear
 k - 2 scrolls of magic mapping
 t - a scroll of brand weapon {unknown}
 u - 3 scrolls of poison
 v - 2 scrolls of silence {unknown}
 w - 4 scrolls of butterflies {unknown}
 y - 2 scrolls of noise {unknown}
 C - 3 scrolls of blinking {unknown}
 E - a scroll of summoning {unknown}
 J - a scroll of immolation {unknown}
 K - a scroll of enchant armour {unknown}
 O - a scroll of amnesia {unknown}
Potions
 b - a potion of haste {unknown}
 d - 2 potions of flight
 e - a potion of attraction {unknown}
 n - 3 potions of mutation
 o - 2 potions of berserk rage {unknown}
 q - 3 potions of ambrosia
 r - 2 potions of lignification
 x - a potion of cancellation {unknown}
 A - a potion of might
 B - a potion of curing
 H - 2 potions of degeneration {unknown}
 M - 2 potions of magic {unknown}
 N - 2 potions of brilliance
Miscellaneous
 P - a condenser vane (inert)
 Q - a phantom mirror


   Skills:
 + Level 6.9 Fighting
 - Level 8.2 Short Blades
 - Level 4.7 Maces & Flails
 - Level 2.0 Armour
 - Level 6.7 Dodging
 - Level 1.0 Stealth
 * Level 4.9 Spellcasting
 + Level 5.2 Evocations


You had 18 spell levels left.
You didn't know any spells.
Your spell library contained the following spells:

 Spells                   Type           Power      Damage    Failure   Level
 Poisonous Vapours        Pois/Air       10%        N/A       17%         2
 Cause Fear               Hex            2%         N/A       73%         4
 Blade Hands              Tmut           2%         N/A       97%         5
 Irradiate                Conj/Tmut      2%         3d12      97%         5
 Dragon Form              Tmut           2%         N/A       100%        7
 Dragon's Call            Summ           2%         N/A       100%        9
 Corpse Rot               Necr/Pois/Air  Unusable   N/A       N/A         4

Dungeon Overview and Level Annotations

Branches:
Dungeon (11/15)            Temple (1/1) D:6          Bailey (visited)
   Lair: D:8-11         Orc: D:9-12

Altars:
Ashenzari
Cheibriados
Dithmenos
Elyvilon
Fedhas
Gozag
Kikubaaqudgha
Makhleb
Nemelex Xobeh
Okawaru
Qazlal
Ru
Sif Muna
Trog
Uskayaw
Vehumet
Wu Jian
Xom
Yredelemnul
Zin
The Shining One

Shops:
D:4 [

Portals:
Abyss: D:3

Annotations:
D:3 2 transporters, Bartlander's ghost, amateur DrFE
D:7 1 runed translucent door
D:8 exclusion: downstairs
D:10 Snorg
D:11 Nergalle


Message History

Nergalle is lightly wounded.
You feel sick.
Nergalle gestures at you while chanting.
Orcish apparitions take form around you.
You completely miss Nergalle.
Nergalle is lightly wounded.
You feel sick.
The spectral orc warrior barely misses you.
The spectral orc barely misses you.
You hit Nergalle. You burn Nergalle.
Nergalle is lightly wounded.
You feel sick.
Nergalle hits you with a +3 dagger of venom.
You are more poisoned.
The spectral orc warrior closely misses you.
The spectral orc warrior hits you with a +0 flail.
The spectral orc knight closely misses you.
The spectral orc hits you but does no damage.
You barely miss Nergalle.
Nergalle is lightly wounded.
You feel very sick.
Nergalle hits you with a +3 dagger of venom!
You are more poisoned.
The spectral orc warrior barely misses you.
Unknown command.
You feel very sick. The spectral orc warrior misses you.
The spectral orc knight hits you with a +0 war axe!!
* * * LOW HITPOINT WARNING * * *
You feel drained.
* * * LOW HITPOINT WARNING * * *
As you read the scroll of fear, it crumbles to dust.
You assume a fearsome visage.
Nergalle looks frightened!
The spectral orc warrior is unaffected.
The spectral orc knight is unaffected.
The spectral orc is unaffected.
The spectral orc warrior is unaffected.
* * * LOW HITPOINT WARNING * * *
You feel very sick.
The spectral orc warrior hits you with a +0 flail!
You die...
Your body crumbles into a pile of gold.

............#.'....
........5...###..5K
######'##### ####
##.# ####..# .
#.)..## ..$
##'########
.....######..........
..........#@Z........
.....####.#ZZ........
... #.'oZ........ .
###.......... $
#..........
####+######


You could see Nergalle (fleeing), a spectral orc (summoned), 2 spectral orc
warriors and a spectral orc knight (summoned).

Vanquished Creatures
  Maurice (D:8)
  A kobold demonologist (D:11)
  Sigmund (D:5)
  A shadow (D:8)
  A wyvern (D:10)
  A steam dragon (D:9)
  An acid dragon (D:10)
  3 water moccasins
  4 orc warriors
  An ice beast (D:6)
  2 ogres (D:6)
  4 centaurs
  Blork the orc (D:5)
  3 kobold brigands (D:9)
  2 bullfrogs
  A necrophage (D:5)
  2 gnoll sergeants (D:9)
  7 scorpions
  3 wights (D:7)
  2 killer bees
  A crimson imp (D:7)
  6 orc priests
  6 hounds
  A gnoll bouda (D:8)
  2 jellies
  4 iguanas
  9 orc wizards
  Robin (D:2)
  5 gnolls
  10 adders
  4 white imps
  An ufetubus (D:5)
  A dart slug (D:3)
  18 orcs
  6 endoplasms
  3 giant cockroaches
  19 goblins
  8 hobgoblins
  2 jackals (D:5)
  28 kobolds
  2 ball pythons
  3 bats
  3 frilled lizards
  11 rats
196 creatures vanquished.

Vanquished Creatures (collateral kills)
  2 orc warriors (Bailey)
  A gnoll (Bailey)
  An ufetubus (D:6)
  3 orcs (D:6)
  A kobold (Bailey)
8 creatures vanquished.

Vanquished Creatures (others)
  2 orc warriors (Bailey)
  A black bear (D:6)
  An ogre (D:6)
  A kobold brigand (D:6)
  An orc priest (D:5)
  A ball python (D:1)
  A plant (D:10)
8 creatures vanquished.

Grand Total: 212 creatures vanquished

Notes
Turn   | Place    | Note
-------+----------+-------------------------------------------
     0 | D:1      | H0rd4k the Human Artificer began the quest for the Orb.
     0 | D:1      | Reached XP level 1. HP: 15/15 MP: 1/1
   410 | D:1      | Reached XP level 2. HP: 21/21 MP: 2/2
  1404 | D:2      | Reached XP level 3. HP: 27/27 MP: 3/3
  1687 | D:2      | You fall into a shaft and drop 1 floor!
  1708 | D:3      | Noticed a small abomination
  1817 | D:2      | Reached skill level 1 in Maces & Flails
  1971 | D:2      | Reached XP level 4. HP: 16/33 MP: 4/4
  2622 | D:2      | Noticed Robin
  2623 | D:2      | Killed Robin
  3021 | D:3      | Found a transporter.
  3022 | D:3      | Noticed a small abomination
  3104 | D:3      | Found a basalt altar of Yredelemnul.
  3156 | D:3      | Found a stormy altar of Qazlal.
  3419 | D:3      | Found a transporter.
  3426 | D:3      | Found a one-way gate to the infinite horrors of the Abyss.
  3426 | D:3      | Noticed Bartlander's ghost (amateur DrFE)
  3541 | D:3      | Reached XP level 5. HP: 38/39 MP: 5/5
  3939 | D:4      | Reached skill level 1 in Short Blades
  3952 | D:4      | Reached XP level 6. HP: 43/46 MP: 6/6
  3984 | D:4      | Identified the +8 short sword "Human's Curse" {flame,
                  | +Blink}
  4380 | D:4      | Found the +4 robe of Augmentation {Str+4 Int+4 Dex+4}
  4428 | D:4      | Found Plog's Armour Emporium.
  4593 | D:4      | Found a snail-covered altar of Cheibriados.
  4776 | D:5      | Entered Level 5 of the Dungeon
  4810 | D:5      | Reached skill level 2 in Short Blades
  5020 | D:5      | Reached XP level 7. HP: 43/52 MP: 7/7
  5525 | D:5      | Reached skill level 3 in Short Blades
  5682 | D:5      | Noticed Blork the orc
  5717 | D:5      | Killed Blork the orc
  5892 | D:5      | Noticed a water moccasin
  5918 | D:5      | Killed a water moccasin
  5919 | D:5      | Reached XP level 8. HP: 31/60 MP: 8/8
  6143 | D:5      | Reached skill level 4 in Short Blades
  6154 | D:5      | Noticed Sigmund
  6211 | D:5      | Killed Sigmund
  6676 | D:5      | Reached skill level 5 in Short Blades
  7420 | D:6      | Found a staircase to the Ecumenical Temple.
  7430 | Temple   | Entered the Ecumenical Temple
  7616 | Temple   | Became a worshipper of Gozag Ym Sagoz the Greedy
  7718 | D:6      | Reached skill level 5 in Dodging
  7718 | D:6      | Reached skill level 1 in Spellcasting
  7718 | D:6      | Reached XP level 9. HP: 26/66 MP: 8/10
  7733 | D:6      | Reached skill level 6 in Short Blades
  8103 | D:6      | Reached skill level 5 in Fighting
  8278 | D:6      | Found a shimmering blue altar of Sif Muna.
  8301 | D:6      | Found a bloodstained altar of Trog.
  8938 | D:7      | Noticed a +0 hand axe
  8938 | D:7      | Noticed a +0 hand axe
  8939 | D:7      | Found a hide-covered altar of Uskayaw.
  9003 | D:7      | Found a shadowy altar of Dithmenos.
  9104 | D:7      | Reached skill level 7 in Short Blades
  9226 | D:7      | Found a burning altar of Makhleb.
  9291 | D:7      | Found a runed translucent door.
  9419 | D:8      | Found a flagged portal.
  9483 | Bailey   | Entered a bailey
  9493 | Bailey   | Upgraded the game from 0.29.1 to 0.29.1-1-gd02db6906a
  9528 | Bailey   | Identified the +8 long sword "Omelette" {vamp, rC+ Dex+2}
  9589 | Bailey   | Reached XP level 10. HP: 66/76 MP: 14/14
 10171 | D:8      | Found a white marble altar of Elyvilon.
 10182 | D:8      | Noticed Maurice
 10531 | D:8      | Killed Maurice
 10532 | D:8      | Reached skill level 8 in Short Blades
 10576 | D:8      | HP: 3/76 [orc priest/nerve-wracking pain (9)]
 11531 | D:9      | Found a large runed translucent door.
 11534 | D:9      | Found a large runed translucent door.
 11920 | D:9      | Paralysed by a gnoll sergeant for 4 turns
 12215 | D:9      | Found a sparkling altar of Nemelex Xobeh.
 12228 | D:9      | Found an iron altar of Okawaru.
 12278 | D:10     | Entered Level 10 of the Dungeon
 12301 | D:10     | Reached skill level 5 in Evocations
 12797 | D:10     | Noticed Snorg
 12823 | D:10     | Noticed a komodo dragon
 12831 | D:10     | Noticed a boulder beetle
 12871 | D:11     | Noticed a kobold demonologist
 12901 | D:11     | Killed a kobold demonologist
 13106 | D:11     | Noticed Nergalle
 13131 | D:11     | HP: 2/74 [poisoned by Nergalle]
 13131 | D:11     | Slain by a spectral orc warrior

Illustrated notes

Levels and vault maps discovered:
D:1:      eino_arrival_water_star, layout_rooms, amcnicky_mini_pool_small,
          chequers_serial_rivers_micro_d, minivault_4
D:2:      layout_basic, minmay_misc_feat_tower, uniq_robin
D:3:      layout_basic, grunt_qazlal_clouds, mainiacjoe_overflow_alcove_1,
          gammafunk_ghost_abyssal_escape, lemuel_flame_loot_1
D:4:      layout_loops_ring, lemuel_doored_altar, serial_shops,
          nicolae_shop_temple_entry_statues_fountains
D:5:      layout_layer_cave, uniq_blork_the_orc, uniq_sigmund
D:6:      layout_loops_ring, old_standard_altar, lemuel_blue_sif_altar,
          minmay_temple_entry_glass, minmay_alternating_orb
D:7:      layout_gridville, dancing_weapons_uskayaw,
          nicolae_dithmenos_shadow_blocks, makhleb_grotto_becter,
          lightli_church_of_beogh
D:8:      layout_basic, elyvilon_altar_3, enter_bailey_2, uniq_maurice
D:9:      kennysheep_six_static_rooms, layout_irregular_city,
          jmf_multi_god_temple2
D:10:     layout_rooms, grunt_lair_entry_orc_guard_hut, david_orc_2, uniq_sonja,
          uniq_snorg
D:11:     layout_roguey [special_room_orc], uniq_nergalle
Temple:   bh_familiar_temple

Skill      XL: |  1  2  3  4  5  6  7  8  9 10 |
---------------+-------------------------------+-----
Dodging        | 2 3 4 5 6 |  6.7
Maces & Flails | 1 2 3 4 |  4.7
Fighting       | 2 3 4 5 6 |  6.9
Short Blades   | 1 2 3 5 7 8 |  8.2
Spellcasting   | 1 3 4 |  4.9
Evocations     | 5 |  5.2
Armour         | |  2.0
Stealth        | |  1.0

Action                   |  1- 3 |  4- 6 |  7- 9 | 10-12 || total
-------------------------+-------+-------+-------+-------++-------
Melee: Club              |   134 |    53 |       |       ||   187
       Punch             |     1 |     1 |     2 |     2 ||     6
       Dagger            |       |    89 |   149 |       ||   238
       Short sword       |       |       |   136 |   163 ||   299
Evoke: Wand              |     7 |     3 |    13 |    23 ||    46
       Condenser vane    |       |       |       |     1 ||     1
  Use: Scroll            |       |       |     9 |     2 ||    11
       Potion            |       |       |     1 |     3 ||     4
 Stab: Sleeping          |     1 |     3 |     1 |       ||     5
       Distracted        |       |       |       |     2 ||     2
       Paralysed         |       |       |       |     2 ||     2
Armor: Leather armour    |    50 |    36 |    36 |       ||   122
       Robe              |       |       |    37 |    37 ||    74
Dodge: Dodged            |   107 |    86 |   171 |   143 ||   507
